 Dungeon Crawl Stone Soup version 0.29-a0-857-g9b1aa3ac5b (webtiles) character file.

Game seed: 15794110587500769375

65 concernfroge the Trooper (level 3, -2/30 HPs)
             Began as a Mummy Monk on July 16, 2022.
             Slain by a worm (7 damage)
             ... on level 3 of the Dungeon.
             The game lasted 00:07:47 (3254 turns).

concernfroge the Trooper (Mummy Monk)               Turns: 3254, Time: 00:07:47

Health: -2/30      AC:  3    Str: 16    XL:     3   Next: 94%
Magic:  3/3        EV: 12    Int:  9    God:
Gold:   69         SH:  0    Dex: 14    Spells: 2/2 levels left

rFire   x . .      SeeInvis .   a - +0 hand axe
rCold   + . .      Faith    .   (no shield)
rNeg    + + +      Spirit   .   k - +0 leather armour
rPois   ∞          Reflect  .   (no helmet)
rElec   .          Harm     .   (no cloak)
rCorr   .          Rampage  .   (no gloves)
Will    .....                   (no boots)
Stlth   ++........              (no amulet)
HPRegen 0.10/turn               (no ring)
MPRegen 0.08/turn               (no ring)

@: no status effects
A: cold resistance 1, negative energy resistance 3, torment resistance 2, heat
vulnerability 1, in touch with death 1, no potions
a: no special abilities


You were on level 3 of the Dungeon.
You visited 1 branch of the dungeon, and saw 3 of its levels.

You collected 100 gold pieces.
You spent 31 gold pieces at shops.

Inventory:

Hand Weapons
 a - a +0 hand axe (weapon)
 f - a +1 sling
Missiles
 e - 19 stones (quivered)
Armour
 k - a +0 leather armour (worn)
Scrolls
 c - a scroll of fog
 d - a scroll of vulnerability
 h - a scroll of magic mapping


   Skills:
 + Level 4.0 Fighting
 - Level 2.4 Axes
 + Level 2.0 Armour
 - Level 2.4 Dodging
 - Level 1.5 Stealth


You had 2 spell levels left.
You didn't know any spells.
Your spell library contained the following spells:

 Spells                   Type           Power      Damage    Failure   Level
 Poisonous Vapours        Pois/Air       0%         N/A       58%         2
 Corpse Rot               Necr/Pois/Air  0%         N/A       99%         4
 Petrify                  Tmut/Erth      0%         N/A       99%         4
 Irradiate                Conj/Tmut      0%         3d11      100%        5
 Sublimation of Blood     Necr           Unusable   N/A       N/A         2

Dungeon Overview and Level Annotations

Branches:
Dungeon (3/15)

Altars:
Ru

Shops:
D:1 (


Innate Abilities, Weirdness & Mutations

You are immune to poison.
Your flesh is cold resistant. (rC+)
You are immune to negative energy. (rN+++)
You are immune to unholy pain and torment.
You are vulnerable to heat. (rF-)
You are in touch with the powers of death.
You do not drink.


Message History

The orc hits you with a +0 club.
You shoot a sling bullet. The sling bullet hits the orc!
You kill the orc!
The bat completely misses you. The bat closely misses you.
You shoot a sling bullet. The sling bullet hits the bat!
You kill the bat!
You shoot a sling bullet. The sling bullet hits the worm.
The worm is lightly wounded.
You shoot a sling bullet.
The sling bullet barely misses the worm.
You shoot a sling bullet. The sling bullet hits the worm.
The worm is moderately wounded.
You shoot a sling bullet.
The sling bullet hits the worm but does no damage.
The worm is moderately wounded.
You shoot a sling bullet.
The sling bullet barely misses the worm.
You shoot a sling bullet. The sling bullet hits the worm.
The worm is moderately wounded.
The worm bites you!
You are too injured to fight recklessly!
Okay, then.
a - a +0 hand axe (weapon)
You barely miss the worm.
The worm is lightly wounded.
The worm bites you.
* * * LOW HITPOINT WARNING * * *
You hit the worm.
The worm is heavily wounded.
The worm bites you.
* * * LOW HITPOINT WARNING * * *
You hit the worm.
The worm is heavily wounded.
The worm barely misses you.
You hit the worm but do no damage.
The worm is moderately wounded.
You slash the worm!
The worm is severely wounded.
The worm bites you!
You die...

# .## .. . ####.#
...###....##
...........#
#......@†..#
#.>...)w...#
#..........# ###
...........#######....
..................>...
......................
......(....#..<.......
...?.......#..........
##.........


You could see a worm.

Vanquished Creatures
  2 adders (D:2)
  A worm (D:2)
  An orc (D:3)
  3 endoplasms
  2 giant cockroaches
  4 goblins
  5 hobgoblins
  5 jackals (D:1)
  2 kobolds
  4 quokkas
  4 ball pythons
  2 bats
  2 frilled lizards (D:1)
  2 rats (D:1)
39 creatures vanquished.

Vanquished Creatures (others)
  A plant (D:1)
1 creature vanquished.

Grand Total: 40 creatures vanquished

Notes
Turn   | Place    | Note
-------+----------+-------------------------------------------
     0 | D:1      | concernfroge the Mummy Monk began the quest for the Orb.
     0 | D:1      | Reached XP level 1. HP: 18/18 MP: 1/1
   385 | D:1      | Found Pikke's Antique Weapon Shoppe.
   528 | D:1      | Reached XP level 2. HP: 10/24 MP: 2/2
   584 | D:1      | Bought a sling for 31 gold pieces
   744 | D:1      | Reached skill level 1 in Armour
  1410 | D:1      | Found a faded altar of an unknown god.
  1727 | D:2      | Gained mutation: You are in touch with the powers of death.
                  | [Mummy growth]
  1727 | D:2      | Reached XP level 3. HP: 14/30 MP: 3/3
  2596 | D:2      | Found a sacrificial altar of Ru.
  2824 | D:2      | Reached skill level 4 in Fighting
  3254 | D:3      | Slain by a worm

Illustrated notes

Levels and vault maps discovered:
D:1:      minmay_arrival_four_loops, layout_loops_ring, serial_shops, shop,
          shapermc_ecumenical_altar_flowoftime
D:2:      layout_basic, basic_altar, amcnicky_mini_corridor_feature
D:3:      layout_rooms, kennysheep_vampire_church,
          mainiacjoe_overflow_catch_the_wave

Skill      XL: |  1  2  3 |
---------------+----------+-----
Armour         | 1 2 |  2.0
Fighting       | 4 |  4.0
Axes           | |  2.4
Dodging        | |  2.4
Stealth        | |  1.5

Action                   || total
-------------------------++-------
Melee: Hand axe          ||   111
       Sling             ||     3
 Fire: Sling             ||    50
  Use: Scroll            ||     5
 Stab: Sleeping          ||     3
Armor: Robe              ||    24
       Leather armour    ||     2
Dodge: Dodged            ||   112

Table legend: (Time is in decaauts)
 A = Elapsed time spent in this place.
 B = Non-inter-level travel time spent in this place.
 C = Inter-level travel time spent in this place.
 D = Time resting spent in this place.
 E = Time spent auto-exploring this place.
 F = Levels seen in this place.
 G = Mean time per level.
                   A        B        C        D        E       F      G
               +--------+--------+--------+--------+--------+-----+--------+
         Total |   3292 |   3127 |    165 |   1185 |   1604 |   3 | 1097.3 |
       Dungeon |   3292 |   3127 |    165 |   1185 |   1604 |   3 | 1097.3 |
               +--------+--------+--------+--------+--------+-----+--------+

Top non-repeatable levels by time:
     D:1: 1706 daAuts
     D:2: 1552 daAuts
     D:3: 33 daAuts
